Map: Port Aleksander LE

Players

InZaNe - Winner!

  • Race: Terran Terran
  • Spawn Location: 5:00

ShaDoWn

  • Race: Protoss Protoss
  • Spawn Location: 11:00

Event: 2019 WCS Spring

VOD

Have the link to the VOD?

Description

Time

  • Played on: May 17, 2019, 12:53 p.m.
  • Length: 8:57

All games in this series

Show
View Real Time Build Order
Export as new Build Order

InZaNe Terran - Winner!

Build Orders: Reaper Expand 

Get SALT Encoding   

  12  0:01  SCV  
  13  0:13  SCV  
  14  0:18  Supply Depot  
  14  0:25  SCV  
  15  0:39  SCV  
  15  0:41  Barracks  
  16  0:46  Refinery  
  16  0:51  SCV  
  17  1:04  SCV  
  18  1:16  SCV  
  19  1:29  Reaper, Orbital Command  
  20  1:46  Command Center  
  20  1:54  SCV  
  20  1:56  Supply Depot  
  21  2:01  Barracks Reactor  
  21  2:07  SCV  
  21  2:08  Refinery  
  22  2:19  SCV  
  23  2:23  Factory  
  23  2:31  SCV  
  24  2:38  Marine x2  
  24  2:43  SCV  
  27  2:55  SCV  
  27  2:56  Marine x2  
  30  2:59  Orbital Command  
  30  3:07  SCV  
  30  3:08  Starport, Widow Mine  
  32  3:14  Marine x2  
  35  3:20  SCV  
  35  3:25  SCV  
  36  3:29  Widow Mine  
  36  3:31  Supply Depot  
  36  3:32  SCV  
  39  3:35  Marine  
  39  3:36  Marine  
  39  3:37  SCV  
  42  3:44  SCV  
  42  3:45  Medivac  
  45  3:49  SCV  
  45  3:52  Factory Tech Lab, Barracks  
  46  3:56  SCV  
  46  4:01  Marine  
  46  4:02  SCV, Marine  
  50  4:05  Supply Depot  
  50  4:07  Supply Depot  
  50  4:08  SCV  
  51  4:12  Siege Tank  
  54  4:19  Starport Tech Lab  
  54  4:23  Barracks  
  54  4:27  SCV  
  54  4:28  Engineering Bay  
  54  4:29  SCV  
  56  4:32  Refinery  
  56  4:35  Marine x2  
  58  4:45  SCV x2  
  60  4:46  Siege Tank, Refinery  
  60  4:48  Marine  
  60  4:50  Starport Reactor  
  60  4:51  Stimpack  
  64  4:55  Supply Depot  
  64  4:57  SCV  
  64  4:58  Marine  
  66  5:00  Terran Infantry Weapons Level 1  
  66  5:01  SCV  
  67  5:09  SCV  
  67  5:13  SCV  
  69  5:15  Marine  
  69  5:17  Marauder  
  69  5:18  Supply Depot  
  72  5:24  Marine  
  72  5:25  Marauder  
  72  5:28  Factory Tech Lab  
  75  5:30  Combat Shield  
  75  5:34  Marine  
  76  5:36  SCV  
  76  5:37  Supply Depot  
  76  5:40  Marauder  
  79  5:43  Medivac x2  
  79  5:44  Marine  
  84  5:50  Supply Depot  
  84  5:51  Marauder  
  84  5:56  SCV x2, Factory Reactor  
  88  5:58  Marine  
  88  6:02  Marine  
  88  6:03  Marauder  
  92  6:06  Supply Depot  
  92  6:12  Marauder  
  92  6:14  Medivac x2  
  98  6:21  Marine  
  98  6:22  Marine  
  100  6:25  Supply Depot  
  100  6:28  Marauder  
  102  6:34  Marauder  
  102  6:37  Widow Mine x2  
  108  6:46  Marine x2  
  108  6:49  Marauder  
  108  6:52  Concussive Shells  
  110  6:55  Marauder  
  110  6:58  Medivac x2  
  116  7:02  Widow Mine x2  
  116  7:06  Marine x2  
  122  7:11  Marauder  
  122  7:13  Supply Depot  
  123  7:16  Marauder  
  123  7:19  Supply Depot  
  124  7:39  Marauder x2, Marine x2  
  128  7:49  Widow Mine x2  
  111  7:57  Marine x2  
  104  8:01  Marauder x2  
  90  8:08  SCV  
  86  8:17  Marine x2  
  84  8:22  Marauder x2  
  84  8:24  SCV  
  89  8:29  Widow Mine x2  
Show
View Real Time Build Order
Export as new Build Order

ShaDoWn Protoss 

Build Orders: 1 Gate Expand, Blink Stalkers, Chargelot Immortal 

Get SALT Encoding   

  12  0:00  Probe  
  13  0:12  Probe  
  14  0:17  Pylon  
  14  0:24  Probe  
  15  0:32  Probe  
  15  0:37  Gateway  
  15  0:40  Probe  
  16  0:46  Assimilator  
  17  0:51  Probe  
  18  1:03  Probe  
  19  1:15  Probe  
  20  1:24  Nexus  
  20  1:34  Cybernetics Core  
  20  1:37  Probe  
  21  1:44  Assimilator  
  21  1:50  Probe  
  21  1:53  Pylon  
  22  2:01  Adept  
  22  2:02  Probe  
  23  2:11  Warp Gate  
  23  2:14  Probe  
  26  2:26  Probe  
  27  2:31  Stalker, Twilight Council  
  27  2:33  Probe  
  27  2:35  Probe  
  29  2:41  Probe  
  29  2:44  Probe  
  33  2:51  Probe  
  33  2:54  Probe  
  35  3:03  Probe  
  35  3:04  Blink  
  36  3:06  Probe  
  37  3:12  Probe  
  37  3:17  Robotics Facility  
  37  3:18  Probe  
  39  3:21  Probe  
  39  3:26  Gateway  
  39  3:29  Probe  
  39  3:30  Probe  
  41  3:36  Pylon  
  41  3:42  Probe x2  
  41  3:46  Gateway  
  43  3:50  Assimilator  
  43  3:54  Probe  
  43  3:55  Probe  
  45  3:57  Observer  
  45  4:02  Stalker  
  45  4:06  Probe  
  45  4:07  Probe  
  48  4:11  Nexus  
  48  4:14  Pylon  
  48  4:15  Observer  
  48  4:21  Probe  
  48  4:22  Stalker  
  52  4:25  Probe  
  53  4:33  Stalker  
  53  4:37  Pylon  
  57  4:38  Observer  
  57  4:40  Stalker  
  58  4:45  Stalker, Pylon  
  58  4:50  Probe  
  61  4:55  Probe  
  61  4:59  Forge  
  62  5:00  Stalker, Immortal, Forge  
  64  5:12  Charge  
  68  5:20  Gateway  
  68  5:23  Probe x2  
  68  5:24  Probe  
  71  5:28  Protoss Ground Weapons Level 1, Protoss Ground Armor Level 1  
  69  5:35  Probe  
  69  5:36  Probe  
  69  5:39  Probe  
  69  5:42  Immortal  
  76  5:50  Gateway  
  76  5:52  Probe  
  77  5:59  Sentry  
  77  6:00  Zealot x2  
  83  6:10  Pylon  
  84  6:15  Immortal, Gateway  
  84  6:16  Zealot, Gateway  
  85  6:22  Gateway  
  89  6:28  Probe  
  89  6:29  Probe x2  
  89  6:30  Zealot x2  
  95  6:35  Zealot  
  97  6:43  Pylon  
  97  6:45  Pylon  
  97  6:49  Zealot x2  
  97  6:52  Pylon  
  101  6:57  Pylon  
  101  7:01  Zealot x2, Probe  
  101  7:02  Zealot  
  101  7:04  Immortal  
  101  7:07  Shield Battery  
  112  7:11  Stalker x2  
  116  7:22  Zealot, Sentry  
  118  7:23  Zealot x3  
  126  7:31  Zealot  
  126  7:36  Zealot x2  
  132  7:43  Probe  
  123  7:47  Probe  
  123  7:49  Zealot x5  
  93  7:58  Zealot x3  
  70  8:10  Zealot x3  
  61  8:15  Zealot  
  55  8:22  Sentry x3  
  55  8:26  Sentry  
  52  8:33  Sentry x2  
  54  8:37  Stalker  
  50  8:49  Zealot x2  
  50  8:53  Zealot  
Tags
 
Add a new tag
Caveats
  • Supply blocks, unpowered buildings, or Contaminate may cause inaccurate times.
  • Supply counts are checked every 10 seconds.